 Dungeon Crawl Stone Soup version 0.29.1-1-gd02db6906a (webtiles) character file.

Game seed: 4735643405462978725

989 warriortoast the Magician (level 7, -1/34 (36) HPs)
             Began as a Deep Elf Conjurer on Sept 22, 2022.
             Was an Initiate of Vehumet.
             Killed from afar by an electric eel (8 damage)
             ... with a bolt of electricity
             ... on level 7 of the Dungeon.
             The game lasted 00:23:21 (9010 turns).

warriortoast the Magician (Deep Elf Conjurer)       Turns: 9010, Time: 00:23:23

HP:   -1/34 (36)    AC:  4    Str:  4    XL:     7   Next: 98%
MP:   19/19         EV: 12    Int: 25    God:    Vehumet [......]
Gold: 322           SH:  0    Dex: 13    Spells: 4/20 levels left

rFire   + . .      SeeInvis +   f - staff of fire
rCold   . . .      Faith    .   (no shield)
rNeg    . . .      Spirit   .   a - +0 robe
rPois   .          Reflect  .   (no helmet)
rElec   .          Harm     .   (no cloak)
rCorr   .          Rampage  .   k - +1 pair of gloves
Will    .....                   (no boots)
Stlth   ++........              (no amulet)
HPRegen 0.11/turn               s - ring of see invisible
MPRegen 0.16/turn               (no ring)

@: drained
A: no striking features
a: Renounce Religion


You were on level 7 of the Dungeon.
You worshipped Vehumet.
Vehumet was noncommittal.
You visited 2 branches of the dungeon, and saw 9 of its levels.
You also visited: Sewer.

You collected 322 gold pieces.

Inventory:

Hand Weapons
 o - a +1 short sword
Armour
 a - a +0 robe (worn)
 k - a +1 pair of gloves (worn)
 r - a +0 buckler
Magical Staves
 f - a staff of fire (weapon)
Jewellery
 e - a ring of ice
 s - a ring of see invisible (left hand)
Wands
 v - a wand of light (11)
 y - a wand of paralysis (6)
Scrolls
 d - a scroll of blinking {unknown}
 g - a scroll of poison
 h - 2 scrolls of amnesia
 j - 3 scrolls of teleportation
 m - a scroll of immolation {unknown}
 n - a scroll of noise {unknown}
 q - 2 scrolls of enchant weapon
 u - 2 scrolls of magic mapping
Potions
 b - 3 potions of flight
 c - 4 potions of heal wounds
 i - a potion of mutation
 l - 2 potions of curing
 p - 2 potions of berserk rage
 t - 2 potions of lignification
 x - a potion of might


   Skills:
 - Level 2.4 Dodging
 - Level 2.4 Stealth
 + Level 7.0 Spellcasting
 + Level 6.9 Conjurations
 + Level 1.1 Hexes
 - Level 4.3 Translocations
 + Level 4.4 Fire Magic


You had 4 spell levels left.
You knew the following spells:

 Your Spells              Type           Power      Damage    Failure   Level
a - Magic Dart            Conj           100%       1d8       1%          1
b - Blink                 Tloc           60%        N/A       1%          2
c - Mephitic Cloud        Conj/Pois/Air  20%        N/A       8%          3
d - Ignite Poison         Fire/Tmut/Pois 24%        N/A       11%         3
e - Dazzling Flash        Conj/Hex       58%        N/A       3%          3
f - Fulminant Prism       Conj/Hex       14%        3d9       13%         4

Your spell library contained the following spells:

 Spells                   Type           Power      Damage    Failure   Level
 Searing Ray              Conj           86%        2d7       1%          2
 Portal Projectile        Hex/Tloc       44%        N/A       7%          3
 Iskenderun's Mystic Bla  Conj/Tloc      36%        2d9       7%          4
 Tukima's Dance           Hex            14%        N/A       13%         3
 Call Canine Familiar     Summ           8%         N/A       21%         3
 Leda's Liquefaction      Hex/Erth       5%         N/A       47%         4
 Manifold Assault         Tloc           30%        N/A       32%         5
 Freezing Cloud           Conj/Ice/Air   10%        6-21      58%         5
 Summon Forest            Summ/Tloc      9%         N/A       61%         5
 Summon Mana Viper        Hex/Summ       11%        N/A       83%         5
 Blade Hands              Tmut           4%         N/A       88%         5
 Summon Cactus Giant      Summ           4%         N/A       100%        6
 Malign Gateway           Summ/Tloc      9%         N/A       100%        7
 Storm Form               Tmut/Air       4%         N/A       100%        7
 Summon Horrible Things   Summ           4%         N/A       100%        8


Dungeon Overview and Level Annotations

Branches:
Dungeon (8/15)             Temple (1/1) D:5           Sewer (visited)
   Lair: D:8-11

Altars:
Dithmenos
Elyvilon
Gozag
Nemelex Xobeh
Okawaru
Qazlal
Trog
Uskayaw
Vehumet
Zin
The Shining One

Shops:
D:4 *

Annotations:
D:2 1 runed translucent door, Crazy Yiuf
D:7 Menkaure


Message History

The magic dart hits the orc but does no damage.
The magic dart hits the orc.
The orc is lightly wounded.
The magic dart hits the orc.
The orc is severely wounded.
The magic dart hits the orc.
You kill the orc!
Vehumet accepts your kill.
You start resting.
Magic restored.
You start resting.
HP restored.
You can't see any susceptible monsters within range! (Use Z to cast anyway.)
Things that are here:
a +0 dagger; a +0 robe
n - a scroll labelled RUR ITHRUSEEBA
Items here: )) [[ ÷.
Things that are here:
a +0 whip; an orc skeleton
Found an escape hatch in the floor.
There is an open door here.
A wight comes into view. It is wielding a +0 great sword.
Found a short sword.
Casting: Magic Dart (safe; 1% risk of failure)
Confirm with . or Enter, or press ? or * to list all spells.
Okay, then.
Menkaure, Prince of Dust comes into view.
Menkaure shouts!
Menkaure forgets how to speak, silenced by the ages.
The wight attacks as you move away! The wight misses you.
The wight attacks as you move away!
The wight hits you with a +0 great sword!
The wight attacks as you move away!
The wight hits you with a +0 great sword!
* * * LOW HITPOINT WARNING * * *
You feel drained.
* * * LOW HITPOINT WARNING * * *
The electric eel shoots out a bolt of lightning at you!
The bolt of electricity hits you!
You die...

#≈≈≈≈≈......#### #..>..#.
#≈≈≈≈~~..).....###.......
#≈≈≈≈≈~.........'.....##..
≈≈≈≈S~~.........####.##
≈≈≈~..........)####.###..
##≈~~..................#
#~..................#.#
#~....#######.###....#
#.....@...........###..
#...z#.######.###.# #
#....#.# #.# #.# #......#
#.# #.. #......# #.# #..
#...M.## #.# .. #.....#
#.. #.....# .# #.....#


You could see Menkaure, an electric eel and a wight.

Vanquished Creatures
  A water moccasin (D:5)
  A sky beast (D:6)
  2 black bears
  2 kobold brigands (Sewer)
  3 scorpions
  A hound (D:6)
  A jelly (D:6)
  An iguana (D:7)
  2 orc wizards (D:7)
  4 adders
  3 river rats
  3 worms
  2 dart slugs
  13 orcs
  7 ball pythons
  3 bats
  7 endoplasms
  5 giant cockroaches
  4 goblins
  3 hobgoblins
  5 jackals
  2 quokkas
  2 frilled lizards
  12 kobolds
  7 rats
96 creatures vanquished.

Vanquished Creatures (others)
  2 plants (D:2)
2 creatures vanquished.

Grand Total: 98 creatures vanquished

Notes
Turn   | Place    | Note
-------+----------+-------------------------------------------
     0 | D:1      | warriortoast the Deep Elf Conjurer began the quest for the
                  | Orb.
     0 | D:1      | Reached XP level 1. HP: 10/10 MP: 6/6
   451 | D:1      | Reached XP level 2. HP: 15/15 MP: 5/8
   893 | D:2      | Reached skill level 4 in Spellcasting
   932 | D:2      | Reached XP level 3. HP: 19/19 MP: 8/10
   957 | D:2      | Found a stormy altar of Qazlal.
   963 | D:2      | Reached skill level 5 in Conjurations
  1121 | D:2      | Learned a level 2 spell: Blink
  1125 | D:2      | Learned a level 3 spell: Mephitic Cloud
  1129 | D:2      | Learned a level 3 spell: Ignite Poison
  1166 | D:2      | Found a faded altar of an unknown god.
  1838 | D:2      | Found a runed translucent door.
  1839 | D:2      | Noticed Crazy Yiuf
  2014 | D:3      | Found a hide-covered altar of Uskayaw.
  2775 | D:3      | Reached XP level 4. HP: 22/24 MP: 7/12
  3038 | D:4      | Reached skill level 1 in Fire Magic
  3249 | D:4      | Found Wacsogru's Overcharged Wands.
  3385 | D:4      | Found a shadowy altar of Dithmenos.
  3410 | D:4      | Found a white marble altar of Elyvilon.
  3469 | D:4      | Found a glowing drain.
  3484 | D:4      | Reached skill level 1 in Translocations
  3510 | Sewer    | Entered a sewer
  3965 | Sewer    | Noticed a kobold brigand
  3971 | Sewer    | Killed a kobold brigand
  3972 | Sewer    | Reached skill level 5 in Spellcasting
  3972 | Sewer    | Reached XP level 5. HP: 28/28 MP: 5/14
  4253 | Sewer    | HP: 1/28 [poisoned by a kobold brigand (curare-tipped
                  | dart)]
  4774 | Sewer    | Found a white marble altar of Elyvilon.
  4994 | D:4      | Reached XP level 6. HP: 32/32 MP: 13/16
  5079 | D:4      | Found a sparkling altar of Nemelex Xobeh.
  5084 | D:4      | Found an iron altar of Okawaru.
  5496 | D:5      | Entered Level 5 of the Dungeon
  5506 | D:5      | Found a staircase to the Ecumenical Temple.
  5515 | Temple   | Entered the Ecumenical Temple
  5580 | Temple   | Became a worshipper of Vehumet
  6041 | D:5      | Found an opulent altar of Gozag.
  6744 | D:5      | Noticed a water moccasin
  6752 | D:5      | Killed a water moccasin
  6753 | D:5      | Reached skill level 6 in Spellcasting
  6753 | D:5      | Reached XP level 7. HP: 15/36 MP: 9/18
  7369 | D:5      | Learned a level 3 spell: Dazzling Flash
  7374 | D:5      | Learned a level 4 spell: Fulminant Prism
  8406 | D:6      | You fall into a shaft and drop 2 floors!
  8610 | D:7      | Noticed a steam dragon
  8715 | D:7      | Reached skill level 7 in Spellcasting
  8722 | D:7      | Reached skill level 1 in Hexes
  9004 | D:7      | Noticed Menkaure
  9010 | D:7      | Killed from afar by an electric eel

Illustrated notes

Levels and vault maps discovered:
D:1:      erik_arrival_orb_chamber, layout_rooms, st_stairs_7
D:2:      cheibrodos_old_hovel, layout_loops_ring, basic_altar,
          ebering_ecumenical_altar_box, uniq_crazy_yiuf_cottage
D:3:      layout_basic, lemuel_coloured_pillars_altar
D:4:      layout_rooms, kennysheep_mini_moat, minitemple, elyvilon_altar_1,
          portal_sewer_entry_e, minivault_24, hangedman_abyss_or_decor_passed,
          nicolae_shop_overcharged_wands
D:5:      layout_cave_pools, lemuel_tele_altar, temple_statues,
          ebering_dispersal_statue_hall
D:6:      layout_rooms
D:7:      statuecave_lemuel, layout_basic, nicolae_sif_muna_little_library,
          kennysheep_path_1, hex_large, minmay_starry_boxes, uniq_menkaure
D:8:      layout_basic, nicolae_take_the_stairs
Temple:   hellmonk_temple_flake

Skill      XL: |  1  2  3  4  5  6  7 |
---------------+----------------------+-----
Spellcasting   | 4 5 6 7 |  7.0
Conjurations   | 5 6 |  6.9
Fire Magic     | 1 2 3 4 |  4.4
Translocations | 1 2 3 4 |  4.3
Hexes          | 1 |  1.1
Dodging        | |  2.4
Stealth        | |  2.4

Action                   |  1- 3 |  4- 6 |  7- 9 || total
-------------------------+-------+-------+-------++-------
Melee: Short sword       |       |     7 |       ||     7
 Cast: Magic Dart        |    82 |   137 |    83 ||   302
       Blink             |       |     1 |       ||     1
  Use: Scroll            |       |     5 |     8 ||    13
       Potion            |       |     4 |     1 ||     5
Armor: Robe              |     2 |     6 |     4 ||    12
Dodge: Dodged            |     3 |    29 |    12 ||    44
Block: Buckler           |       |     2 |       ||     2
